 Dungeon Crawl Stone Soup version 0.22-a0-388-g09e6169 (webtiles) character file.

1432 4thArraOfDagon the Slasher (level 8, -3/49 HPs)
             Began as a Tengu Abyssal Knight on Apr 29, 2018.
             Was a Follower of Lugonu.
             Slain by a wight
             ... wielding a cursed +3 great sword
              (4 damage)
             ... on level 10 of the Dungeon.
             The game lasted 00:05:27 (2002 turns).

4thArraOfDagon the Slasher (Tengu Abyssal Knight)   Turns: 2002, Time: 00:05:28

Health: -3/49      AC:  5    Str: 12    XL:     8   Next: 73%
Magic:  12/12      EV: 13    Int: 15    God:    Lugonu [*.....]
Gold:   107        SH:  0    Dex: 19    Spells: 7/7 levels left

rFire    . . .     SeeInvis .   a - +1 falchion
rCold    . . .     Gourm    .   (no shield)
rNeg     . . .     Faith    .   i - +0 ring mail
rPois    .         Spirit   .   (helmet restricted)
rElec    .         Reflect  .   (no cloak)
rCorr    .         Harm     .   (no gloves)
MR       +....                  (boots unavailable)
Stlth    +.........             (no amulet)
HPRegen  0.16/turn              h - ring of protection from magic
MPRegen  0.13/turn              j - +5 ring of dexterity

@: drained
A: beak, talons 3, able to fly 1
a: Fly, Depart the Abyss, Renounce Religion


You were on level 10 of the Dungeon.
You worshipped Lugonu.
Lugonu was aware of your devotion.
You were hungry.

You visited 1 branch of the dungeon, and saw 10 of its levels.
You visited the Abyss 1 time.

You collected 107 gold pieces.

Inventory:

Hand Weapons
 a - a +1 falchion (weapon)
Armour
 b - a +0 leather armour
 i - a +0 ring mail (worn)
 m - +0 steam dragon scales
Magical Staves
 f - an uncursed staff of conjuration {!a}
Jewellery
 h - a ring of protection from magic (left hand)
 j - a +5 ring of dexterity (right hand)
Wands
 n - a wand of clouds (7)
Scrolls
 d - 2 scrolls of fog
 e - a scroll of identify
 l - a scroll of magic mapping {unknown}
Potions
 k - a potion of might
Comestibles
 c - 7 rations
 g - 4 chunks of flesh


   Skills:
 + Level 5.1(4.4) Fighting
 * Level 7.1(6.3) Long Blades
 + Level 5.0(4.3) Armour
 + Level 4.6(3.9) Dodging
 + Level 4.1(3.4) Invocations


You had 7 spell levels left.
You didn't know any spells.

Dungeon Overview and Level Annotations

Branches:
Dungeon (10/15)
 Temple: D:4-7         Lair: D:8-11         Orc: D:9-12

Altars:

Annotations:
D:6 Grinder
D:7 Menkaure, Pikel


Innate Abilities, Weirdness & Mutations

You have a beak for a mouth.
You have claws for feet.
You can fly.


Message History

You hit the wight. Your peck misses the wight.
The wight is lightly damaged.
The wight hits you with an enchanted great sword!
You closely miss the wight. You claw the wight.
You peck the wight, but do no damage.
The wight is moderately damaged.
The wight hits you with an enchanted great sword!
You feel drained.
* * * LOW HITPOINT WARNING * * *
You hit the wight. You claw the wight.
The wight is almost destroyed.
Unknown command.
Evoke which item? (* to show all) (? for menu, Esc to quit)
Okay, then.
You hit the wight but do no damage.
The wight is almost destroyed.
The wight hits you with an enchanted great sword!
* * * LOW HITPOINT WARNING * * *
You feel drained.
You die...

### #@# #z# #.#
##.#######
#.........
#..######.
#.......# #####
#.......#
#.....#..###..#


You could see a wight.

Vanquished Creatures
  5 yaks (D:10)
  A hungry ghost (D:9)
  A steam dragon (D:8)
  A bullfrog (D:8)
  A scorpion (D:7)
  A howler monkey (D:7)
  2 crimson imps
  A hound (D:7)
  2 bullfrog skeletons (D:7)
  A centaur skeleton (D:8)
  A worker ant (D:5)
  An iguana (D:6)
  A killer bee zombie (D:7)
  An adder (D:5)
  An adder skeleton (D:7)
  2 worms
  A dart slug (D:3)
  3 orcs (D:3)
  2 ball pythons
  4 giant cockroaches
  A goblin (D:3)
  6 hobgoblins
  A jackal (D:7)
  2 quokkas (D:4)
  3 frilled lizards
  A kobold (D:1)
  A rat (D:3)
48 creatures vanquished.

Notes
Turn   | Place    | Note
-------+----------+-------------------------------------------
     0 | Abyss:1  | 4thArraOfDagon the Tengu Abyssal Knight began the quest for the Orb.
     0 | Abyss:1  | Reached XP level 1. HP: 14/14 MP: 3/3
    28 | Abyss:1  | Noticed a worldbinder
    28 | Abyss:1  | Noticed a rakshasa
    29 | Abyss:1  | Noticed a smoke demon
    30 | D:1      | Escaped the Abyss
   180 | D:1      | Reached * piety under Lugonu
   412 | D:2      | Reached XP level 2. HP: 19/19 MP: 4/4
   568 | D:3      | Reached XP level 3. HP: 22/23 MP: 5/5
   890 | D:4      | Reached skill level 3 in Long Blades
   891 | D:4      | Noticed an ogre
   920 | D:4      | Noticed a phantom
   930 | D:5      | Entered Level 5 of the Dungeon
   966 | D:5      | Reached XP level 4. HP: 22/28 MP: 6/6
  1464 | D:6      | Gained mutation: You can fly. [Tengu growth]
  1464 | D:6      | Reached XP level 5. HP: 23/32 MP: 7/7
  1466 | D:6      | Noticed Grinder
  1497 | D:7      | Reached skill level 4 in Long Blades
  1636 | D:7      | Reached XP level 6. HP: 32/38 MP: 7/9
  1658 | D:7      | Noticed Menkaure
  1799 | D:8      | Noticed a hippogriff
  1854 | D:7      | Noticed a sky beast
  1862 | D:7      | Noticed a slave
  1862 | D:7      | Noticed a slave
  1862 | D:7      | Noticed Pikel
  1862 | D:7      | Noticed a slave
  1863 | D:7      | Noticed a slave
  1876 | D:8      | Noticed a steam dragon
  1879 | D:8      | Killed a steam dragon
  1879 | D:8      | Reached skill level 5 in Long Blades
  1879 | D:8      | Reached XP level 7. HP: 33/43 MP: 10/10
  1903 | D:9      | Noticed a hungry ghost
  1914 | D:9      | Killed a hungry ghost
  1932 | D:10     | Entered Level 10 of the Dungeon
  1942 | D:10     | Noticed a yak
  1942 | D:10     | Noticed a yak
  1943 | D:10     | Noticed a yak
  1943 | D:10     | Noticed a yak
  1956 | D:10     | Noticed a yak
  1960 | D:10     | Killed a yak
  1960 | D:10     | Reached skill level 6 in Long Blades
  1960 | D:10     | Reached XP level 8. HP: 30/48 MP: 11/11
  1961 | D:10     | Killed a yak
  1961 | D:10     | Killed a yak
  1961 | D:10     | Killed a yak
  1961 | D:10     | Reached skill level 5 in Fighting
  1961 | D:10     | Killed a yak
  1961 | D:10     | Reached skill level 7 in Long Blades
  1961 | D:10     | Reached skill level 5 in Armour
  2002 | D:10     | HP: 1/49 [wight/enchanted great sword (12)]
  2002 | D:10     | Slain by a wight

Vault maps used:
D:1:      dpeg_arrival_oval, serial_forest, infiniplex_forest_clump_long,
          infiniplex_forest_lined_2, infiniplex_forest_lined_corner,
          infiniplex_forest_clump_small, infiniplex_forest_clump_tiny,
          minivault_19
D:2:      first_ration
D:4:      serial_bayou_lake_a
D:5:      basic_altar, uniq_blork_the_orc, uniq_eustachio
D:6:      uniq_grinder, uniq_sigmund
D:7:      minmay_temple_entry_trees, uniq_joseph, uniq_pikel, uniq_menkaure
D:8:      grunt_lair_entry_orc_guard_hut
D:9:      led_sif_book
D:10:     david_orc_3, uniq_josephine

Skill      XL: |  1  2  3  4  5  6  7  8 |
---------------+-------------------------+-----
Long Blades    | 3 4 5 6 7 |  7.1
Invocations    | 2 3 4 |  4.1
Dodging        | 2 3 4 |  4.6
Armour         | 3 4 5 |  5.0
Fighting       | 4 5 |  5.1

Action                   |  1- 3 |  4- 6 |  7- 9 || total
-------------------------+-------+-------+-------++-------
Melee: Falchion          |    44 |    86 |    24 ||   154
       Kick              |    18 |    43 |    11 ||    72
       Peck              |     7 |    27 |     6 ||    40
Invok: Depart the Abyss  |     1 |       |       ||     1
 Abil: Fly               |       |     1 |       ||     1
Evoke: Wand              |       |       |     1 ||     1
  Use: Potion            |     6 |     2 |       ||     8
       Scroll            |     3 |     1 |       ||     4
  Eat: Chunk             |       |     2 |     3 ||     5
Armor: Leather armour    |     3 |       |       ||     3
       Ring mail         |     5 |    27 |     2 ||    34
Dodge: Dodged            |    28 |    43 |     8 ||    79
       Rpst.: Falchion   |     4 |    19 |     1 ||    24

Table legend:
 A = Spawn XP
 B = Non-spawn XP
 C = Spawn XP percentage of total XP
 D = Spawn monster count
 E = Non-spawn monster count
 F = Spawn count percentage of total count
 G = Total turns spent on level
                    A         B        C        D         E        F      G
               +---------+---------+-------+---------+---------+-------+---------
         Total |       0 |    2047 |   0.0 |       0 |      48 |   0.0 |  2002
               +---------+---------+-------+---------+---------+-------+---------
           D:1 |       0 |       4 |   0.0 |       0 |       3 |   0.0 |   175
           D:2 |       0 |      13 |   0.0 |       0 |       7 |   0.0 |   340
           D:3 |       0 |      26 |   0.0 |       0 |      10 |   0.0 |   327
           D:4 |       0 |       6 |   0.0 |       0 |       3 |   0.0 |    77
           D:5 |       0 |     107 |   0.0 |       0 |       5 |   0.0 |   491
           D:6 |       0 |      36 |   0.0 |       0 |       2 |   0.0 |    42
           D:7 |       0 |     332 |   0.0 |       0 |       9 |   0.0 |   358
           D:8 |       0 |     311 |   0.0 |       0 |       3 |   0.0 |    55
           D:9 |       0 |     186 |   0.0 |       0 |       1 |   0.0 |    37
          D:10 |       0 |    1026 |   0.0 |       0 |       5 |   0.0 |    70
               +---------+---------+-------+---------+---------+-------+---------
